[Event "Mongolian Championship Women 2022"]
[Site "Chingis Khentii"]
[Date "2022.05.23"]
[Round "11.4"]
[White "Enkhtuul, Altan-Ulzii"]
[Black "Munguntuul, Batkhuyag"]
[Result "1/2-1/2"]
[ECO "A00"]
[WhiteElo "2228"]
[BlackElo "2443"]
[Annotator "TA"]
[PlyCount "98"]
[EventDate "2022.05.12"]
[EventType "tourn"]
[EventCountry "MGL"]
[SourceTitle "playchess.com"]
[Source "ChessBase"]
[SourceQuality "1"]
[TimeControl "40/5400+30:1800+30"]

1. b4 e5 2. Bb2 Bxb4 3. Bxe5 Nf6 4. Nf3 O-O 5. e3 d5 6. a3 {[%emt 0:02:02] A00: Irregular Openings.} Ba5 7. c4 $1 Nc6 8. Bb2 Bg4 9. cxd5 Nxd5 10. Be2 Qe7 11. O-O $1 Rad8 12. Qa4 Bh5 13. Rc1 {[%emt 0:00:20] [#]} Bb6 $146 ({Predecessor:} 13... Nb6 14. Qb5 Rd5 15. Qb3 Qe6 16. Bc3 Rd6 17. Qxe6 fxe6 18. Bxa5 Nxa5 19. Rxc7 Nd5 {0-1 (29) Roig Garcia,J (1781)-Puertas Covarrubias,F (1944) ICCF email 2018}) 14. Nc3 h6 (14... Nf6 $1 $11) 15. Nxd5 $14 Rxd5 16. Bc3 Re8 17. Qf4 Na5 18. Qg3 {[%emt 0:03:12][%csl Gc3][%cal Rg3g7] [#]} Qf8 19. Rab1 {[%emt 0:04:45] Inhibits Nb3.} Re6 20. h3 c6 21. Kf1 Bg6 22. Rb4 (22. Rb2 {feels stronger.}) 22... Bc5 $11 23. Nd4 Bxd4 24. Bxd4 Be4 (24... c5 $11 25. Rb5 b6 26. Bxc5 Qc8 27. Rxa5 (27. d4 $2 Nb7 $17) 27... bxa5) 25. f3 $14 c5 $1 {[%emt 0:01:22] Strongly threatening ...Rg6.} 26. fxe4 Rg5 {[%emt 0:00:02] [#]} 27. Bxc5 $1 Rxc5 28. Rxc5 Qxc5 29. Qb8+ ({White should play} 29. Qe1 $1 $14) 29... Kh7 $11 30. Bd3 (30. Qg3 $11 {might be stronger.}) 30... Nc6 $1 $36 {[%emt 0:02:39][%csl LRb4,LRb8][%mdl 2048] Black is more active.} 31. Qxb7 {[%emt 0:01:08] Threatens to win with e5+.} Nxb4 32. axb4 {[%emt 0:00:05][%mdl 4096] Endgame KQR-KQB} Qe5 (32... Qe7 $15 33. Qxe7 Rxe7) 33. Ke2 (33. Qxa7 $14 Rd6 34. Qa3) 33... Re7 $1 {[%emt 0:02:45][%mdl 1024] Black has compensation.} 34. Qc8 Qh2 35. Qf5+ (35. Kf3 $15) 35... g6 $17 36. Qf3 Qd6 (36... Kg7 $142 {White must now prevent ...Re6.} 37. Bc4 Qe5) 37. Bc4 {[%emt 0:00:31] Against Re6} Kg7 (37... Rd7 $17 38. d4 Qxb4 39. Bxf7 Qb2+ 40. Kf1 Qc1+ 41. Kf2 Qc2+ 42. Kg1 Qc1+ 43. Kf2 Qc2+ 44. Kg1 Qc1+ 45. Kf2) 38. b5 $1 $11 {[%emt 0:00:20] The position is equal.} Qb4 39. d3 Qc3 40. Qf4 Rd7 41. e5 Kh7 42. Qf6 h5 43. Kf3 {[%emt 0:14:05] Active counter play!} Qc1 44. Ke4 Qb2 45. Kf3 Qc1 46. Ke4 Qb2 47. Kf3 Qc1 48. Ke4 Qb2 49. Kf3 Qc1 {[%emt 0:00:05] Weighted Error Value: White=0.11 (very precise) /Black=0.17 (very precise)} 1/2-1/2

[Event "Mongolian Championship Women 2022"]
[Site "Chingis Khentii"]
[Date "2022.05.23"]
[Round "11.5"]
[White "Anu, Bayar"]
[Black "Munkhzul, Turmunkh"]
[Result "0-1"]
[ECO "E05"]
[WhiteElo "2102"]
[BlackElo "2294"]
[Annotator "TA"]
[PlyCount "58"]
[EventDate "2022.05.12"]
[EventType "tourn"]
[EventCountry "MGL"]
[SourceTitle "playchess.com"]
[Source "ChessBase"]
[SourceQuality "1"]
[TimeControl "40/5400+30:1800+30"]

1. d4 {[%emt 0:01:57] Illescas Cordoba,M} Nf6 2. c4 e6 3. g3 d5 4. Nf3 Be7 5. Bg2 O-O 6. O-O dxc4 7. Qc2 a6 8. a4 Bd7 9. Rd1 Bc6 10. Nc3 Bxf3 11. Bxf3 Nc6 12. Bxc6 bxc6 13. Bg5 {[%emt 0:01:30] E05: Open Catalan: 5 Nf3 Be7.} Rb8 14. Bxf6 Bxf6 15. Ne4 {[%emt 0:21:51] The position is equal. was the old line (15.e3).} Rb4 {[%emt 0:00:00] [#]} 16. Ra3 $146 (16. Nc5 $11) ({Predecessor:} 16. e3 Qd5 17. Rac1 Rfb8 18. Nc5 a5 19. Qe2 Be7 20. e4 Qd8 21. Na6 Rxb2 22. Qxc4 {½-½ (41) Illescas Cordoba,M (2600)-Beliavsky,A (2690) Madrid 1998 CBM 065 [Illescas Cordoba,M]}) 16... Be7 (16... Bxd4 17. e3 Rxb2 18. Qxc4 $11) (16... Qd5 $5 17. Nxf6+ gxf6 $15) 17. Rc3 Qd5 18. Nd2 c5 ({Much less strong is} 18... Qxd4 19. Nxc4 Qc5 20. b3 $11) 19. e4 Qh5 ({Don't play} 19... Qxd4 20. Nxc4 Qf6 21. e5 $16) 20. Rxc4 cxd4 {[%emt 0:00:00][%cal Ob4b2] [#] aiming for ...Rxb2!} 21. Rxc7 Rxb2 22. Qc1 (22. Qxb2 $142 Qxd1+ 23. Kg2) 22... Bb4 {[%emt 0:00:00] 0x0.001de5fae1a4dp-1022s more active pieces.} 23. Rc8 $2 (23. Nc4 $17 Re2 24. Rf1) 23... Bc3 24. Rxf8+ Kxf8 25. Nc4 Rb4 26. Nd6 Rxa4 {[%emt 0:00:00] [#] Threatens to win with ...Ra1.} 27. Nc8 $2 (27. Qc2 Rb4 28. Rb1) 27... Ra1 $19 {[%emt 0:00:00] Black is clearly winning.} 28. Qxa1 Bxa1 29. Rxa1 Qc5 {[%emt 0:00:00] Black took control after the opening.  Weighted Error Value: White=0.88/Black=0.21 (precise)} 0-1

[Event "Mongolian Championship Women 2022"]
[Site "Chingis Khentii"]
[Date "2022.05.23"]
[Round "11.6"]
[White "Munkhzul, Davaakhuu"]
[Black "Khulan, Enkhsaikhan"]
[Result "1-0"]
[ECO "B15"]
[WhiteElo "1991"]
[BlackElo "2111"]
[Annotator "TA"]
[PlyCount "197"]
[EventDate "2022.05.12"]
[EventType "tourn"]
[EventCountry "MGL"]
[SourceTitle "playchess.com"]
[Source "ChessBase"]
[SourceQuality "1"]
[TimeControl "40/5400+30:1800+30"]

1. e4 c6 2. Nc3 d5 3. Nf3 dxe4 4. Nxe4 Nf6 5. Nxf6+ exf6 6. d4 Bd6 7. Be2 Bg4 {[%emt 0:00:41] B15: Caro-Kann: 3 Nc3: 3...g6 and 3...dxe4 4 Nxe4 Nf6 5 Nxf6+ exf6.} 8. Be3 {[%emt 0:03:00] [#]} a5 $146 ({Predecessor:} 8... O-O 9. Nh4 Bxe2 10. Qxe2 f5 11. Qh5 g6 12. Qh6 Re8 13. g4 Bf8 14. Qf4 Qxh4 15. O-O-O Qxg4 16. Qc7 Na6 17. Qa5 Nb4 {0-1 (17) Novosadova,K (2150)-Sabuk,P (2398) Brno 2021}) 9. O-O O-O {[%emt 0:00:27] The position is equal.} 10. c4 Re8 11. h3 Bh5 12. Qb3 Qc7 13. c5 Bf8 14. d5 cxd5 (14... Bxc5 $5 15. Bxc5 Rxe2 $15) 15. Qxd5 Bg6 16. Nd4 Nc6 (16... Re5 $5 17. Qb3 (17. Nb5 Qe7 $11) 17... a4 $11) 17. Nb5 Qe5 (17... Qb8 $5 ) 18. Qxe5 Rxe5 19. Rac1 Nb4 20. Rfd1 Nxa2 21. Rc4 {[%emt 0:00:21] And now Ra1 would win.} Nb4 22. Bf3 Nc6 23. Nd6 Bxd6 (23... Re7 $1 $11 {and Black has nothing to worry.}) 24. cxd6 $18 Bf5 25. Rxc6 $2 (25. d7 $18 Rd8 26. Bxc6 bxc6 27. Rxc6) 25... bxc6 $14 26. Bxc6 Rxe3 $1 27. Bxa8 $18 {[%emt 0:14:51][%mdl 4096] Endgame KRB-KRB} Re8 28. Bf3 Bd7 29. Rd5 a4 30. Ra5 g6 31. Ra7 Rd8 32. Bd5 f5 $2 (32... Kf8 $11) 33. f4 $1 Kg7 34. Kf2 $2 (34. Ra8 $1 $18 Rxa8 35. Bxa8) 34... Kf6 $1 $11 35. Ke3 Be6 36. Bf3 Rxd6 37. Rxa4 Rb6 $1 38. b4 {[%emt 0:00:07] Strongly threatening Kd4.} Bb3 39. Ra1 Rxb4 40. Rb1 Rb8 $2 (40... Rb5 $1 $15 {stays ahead.}) 41. Kf2 $16 {[%emt 0:03:41][%mdl 1024] White has strong compensation.} Rb5 42. Be2 {[%emt 0:02:17] Inhibits Bc4.} Rb4 43. g3 h6 44. Bd1 Bxd1 45. Rxb4 {[%emt 0:00:03] KR-KB} Bc2 46. Rb8 Be4 47. Rg8 h5 48. Ke3 {[%emt 0:02:45][%cal Og3g4] Hoping for g4!} Bg2 49. h4 Bd5 50. Kd4 Be6 51. Kc5 Ke7 52. Kc6 Bb3 53. Kc7 Ba2 54. Ra8 $1 Bd5 55. Ra5 Bb3 56. Re5+ Be6 57. Re3 Kf6 58. Kd8 Bd5 59. Re5 Ba2 60. Ra5 Bb3 61. Ra3 Bc4 62. Rc3 Ba2 63. Rc6+ Kg7 64. Ke8 Bd5 65. Rb6 ({White should play} 65. Ra6 $16) 65... Bc4 (65... Be6 $1 $11) 66. Ke7 Ba2 67. Ra6 Bb3 68. Rb6 Ba2 $1 69. Ra6 Bb3 70. Rb6 ({Better is} 70. Ra5 $16) 70... Ba2 $11 71. Rb2 Bd5 72. Kd6 Bc4 73. Ke5 Be6 74. Rb4 Ba2 75. Kd4 Be6 76. Rb2 Bc8 77. Kd5 Be6+ 78. Kc5 Kf6 79. Kd6 Bc4 80. Rb8 Ba2 81. Ra8 Bc4 82. Rg8 Ba2 $2 {[%emt 0:00:15][%mdl 8192] [#] Black is now going downhill.} (82... Bd3 $11) 83. Kd7 $1 Be6+ 84. Ke8 Bd5 {[%emt 0:00:20] [#]} 85. Kf8 $1 Ba2 86. Rh8 Bc4 87. Kg8 Bb3 88. Kh7 {[%emt 0:00:10] White threatens Re8 and mate.} Ba2 89. Re8 {[%emt 0:00:27] White mates.} Bd5 90. Kg8 Ba2 91. Kf8 Bd5 92. Rb8 Ke6 93. Rb6+ Kd7 94. Rf6 Bc4 95. Rxf7+ Ke6 96. Kg7 Be2 97. Kxg6 Bg4 98. Rf6+ Kd5 99. Rxf5+ {[%emt 0:00:10] Weighted Error Value: White=0.18 (very precise) /Black=0.25 (precise)} 1-0